 Dungeon Crawl Stone Soup version 0.26-a0-720-g2a1d101370 (webtiles) character file.

Game seed: 16368905142028180532

133 Maimakterion the Slasher (level 4, -1/38 HPs)
             Began as a Deep Dwarf Wanderer on Nov 3, 2020.
             Was an Initiate of Makhleb.
             Slain by Natasha (11 damage)
             ... on level 2 of the Dungeon.
             The game lasted 00:03:54 (1952 turns).

Maimakterion the Slasher (Deep Dwarf Wanderer)      Turns: 1952, Time: 00:03:54

Health: -1/38      AC:  5    Str: 17    XL:     4   Next: 93%
Magic:  21/21 (3)  EV: 13    Int: 11    God:    Makhleb [......]
Gold:   179        SH:  0    Dex: 13    Spells: 3/3 levels left

rFire    . . .     SeeInvis .   p - +1 whip (drain)
rCold    . . .     Faith    .   (no shield)
rNeg     . . .     Spirit   .   e - +0 robe
rPois    .         Reflect  .   m - +2 helmet
rElec    .         Harm     .   (no cloak)
rCorr    .         Rampage  .   (no gloves)
MR       .....                  (no boots)
Stlth    ++........             (no amulet)
HPRegen  0.00/turn              o - ring of magical power
MPRegen  0.17/turn              s - ring of magical power

@: non-regenerating
A: damage resistance, heal wounds, sense surroundings 1, no regeneration
a: Heal Wounds, Renounce Religion


You were on level 2 of the Dungeon.
You worshipped Makhleb.
Makhleb was noncommittal.
You visited 2 branches of the dungeon, and saw 5 of its levels.

You collected 179 gold pieces.

Inventory:

Hand Weapons
 a - a +2 dagger
 c - a +0 falchion
 p - a +1 whip of draining (weapon)
Armour
 e - a +0 robe (worn)
 m - a +2 helmet (worn)
Jewellery
 o - a ring of magical power (left hand)
 s - a ring of magical power (right hand)
Wands
 q - a wand of flame (13)
Scrolls
 b - a scroll of fear
 d - a scroll of teleportation
 f - 2 scrolls of identify {unknown}
 n - 2 scrolls of magic mapping {unknown}
 r - a scroll of fog {unknown}
 t - a scroll of enchant armour {unknown}
Potions
 g - 2 potions of mutation {unknown}
 h - a potion of curing {unknown}
 i - a potion of lignification {unknown}
 j - 2 potions of haste {unknown}
 k - 4 potions of heal wounds {unknown}
 l - a potion of stabbing {unknown}


   Skills:
 - Level 1.0 Fighting
 - Level 4.0 Long Blades
 + Level 2.9(3.1) Maces & Flails
   Level 1.0(2.0) Staves
 - Level 3.2 Dodging
 - Level 2.4 Stealth
 - Level 1.3 Evocations


You had 3 spell levels left.
You didn't know any spells.
Your spell library contained the following spells:

 Spells                   Type           Power        Failure   Level
 Corona                   Hex            #......      34%         1
 Ensorcelled Hibernation  Hex/Ice        #.....       47%         2
 Confusing Touch          Hex            #.......     71%         3
 Dazzling Flash           Conj/Hex       #.....       71%         3
 Tukima's Dance           Hex            #.......     71%         3


Dungeon Overview and Level Annotations

Branches:
Dungeon (4/15)             Temple (1/1) D:4

Altars:
Ashenzari
Kikubaaqudgha
Makhleb
Qazlal
Ru
Sif Muna
Uskayaw
Wu Jian
Zin
The Shining One

Annotations:
D:2 Natasha, Sigmund


Innate Abilities, Weirdness & Mutations

You are resistant to damage.
You can heal yourself by infusing magical energy.
You passively map a small area around you.
You do not regenerate.


Message History

What level of the Dungeon? (default 1, ? - help)
Things that are here:
a +0 dagger; a jackal corpse; a kobold corpse
There is a stone staircase leading up here.
You climb upwards.
Level annotation: Sigmund A bat, a worm, 2 goblins and Natasha come into view.
Found a scroll of teleportation and a dark potion.
Found two stone staircases leading up.
There is a stone staircase leading down here.
The helpless Natasha fails to defend herself.
You hit Natasha.
Natasha is lightly wounded.
The bat hits you but does no damage.
Natasha drinks a potion.
Natasha seems to grow stronger.
You can't go up here!
You can't go up here!
Unknown command.
The bat hits you. Natasha claws you!
You die...

, , .. ,, #..#
** ... #.. # *
.... #...#
....# ....#
,g....<#.#.####
, #...#.g....
###.......# ,
..w....@..#
.!.?..h.b...#
..........#.#
.........##,#
.........< ,
........... *
..........# *
........... , *
*


You could see a worm, Natasha (strong), a hobgoblin (asleep), a goblin (asleep)
and a bat.

Vanquished Creatures
  An orc wizard (D:4)
  Robin (D:2)
  An adder (D:3)
  A gnoll (D:1)
  An ufetubus (D:3)
  An ooze (D:3)
  An adder skeleton (D:4)
  2 worms
  A dart slug (D:1)
  3 leopard geckos (D:3)
  4 orcs (D:4)
  4 bats (D:1)
  18 goblins
  5 hobgoblins
  2 jackals (D:3)
  3 kobolds
  A ball python (D:1)
  3 frilled lizards
  A rat (D:1)
54 creatures vanquished.

Notes
Turn   | Place    | Note
-------+----------+-------------------------------------------
     0 | D:1      | Maimakterion the Deep Dwarf Wanderer began the quest for
                  | the Orb.
     0 | D:1      | Maimakterion set off with the following items: a +2 dagger,
                  | a scroll of fear, a +0 falchion, a scroll of teleportation,
                  | a +0 robe
     0 | D:1      | Reached XP level 1. HP: 18/18 MP: 1/1
   235 | D:1      | Reached skill level 3 in Long Blades
   235 | D:1      | Reached XP level 2. HP: 12/25 MP: 2/2
   413 | D:1      | Found a broken altar of Ashenzari.
   911 | D:2      | Noticed Robin
   923 | D:2      | Reached XP level 3. HP: 31/31 MP: 3/3
   961 | D:2      | Killed Robin
   961 | D:2      | Reached skill level 4 in Long Blades
   977 | D:2      | You fall into a shaft and drop 2 floors!
  1290 | D:4      | Found a staircase to the Ecumenical Temple.
  1300 | D:4      | Reached skill level 1 in Maces & Flails
  1304 | D:4      | Reached XP level 4. HP: 31/38 MP: 3/3
  1321 | Temple   | Entered the Ecumenical Temple
  1560 | Temple   | Became a worshipper of Makhleb the Destroyer
  1656 | D:2      | Noticed Sigmund
  1950 | D:2      | Noticed Natasha
  1952 | D:2      | Slain by Natasha

Illustrated notes

Levels and vault maps discovered:
D:1:      erik_arrival_blinker_ship, layout_loops_ring,
          nicolae_ashenzari_panopticon
D:2:      layout_basic, grunt_qazlal_clouds, uniq_sigmund, uniq_robin,
          uniq_natasha, uniq_jessica
D:3:      layout_loops_ring, regret_index_temple_of_mockery
D:4:      layout_basic, minmay_temple_entry_drinking_statues,
          kennysheep_minor_cross
Temple:   nicolae_temple_figure_eight

Skill      XL: |  1  2  3  4 |
---------------+-------------+-----
Long Blades    | 3 4 |  4.0
Maces & Flails | 1 2 |  2.9
Fighting       | |  1.0
Staves         | |  1.0
Dodging        | |  3.2
Stealth        | |  2.4
Evocations     | |  1.3

Action                   |  1- 3 |  4- 6 || total
-------------------------+-------+-------++-------
Melee: Dagger            |    70 |       ||    70
       Falchion          |    35 |       ||    35
       Whip              |    22 |    70 ||    92
 Abil: Heal Wounds       |     3 |       ||     3
 Stab: Sleeping          |     3 |     2 ||     5
Armor: Robe              |    21 |    23 ||    44
Dodge: Dodged            |   105 |    50 ||   155
       Rpst.: Falchion   |    12 |       ||    12

Table legend: (Time is in decaauts)
 A = Elapsed time spent in this place.
 B = Non-inter-level travel time spent in this place.
 C = Inter-level travel time spent in this place.
 D = Time resting spent in this place.
 E = Time spent auto-exploring this place.
 F = Levels seen in this place.
 G = Mean time per level.
                   A        B        C        D        E       F      G
               +--------+--------+--------+--------+--------+-----+--------+
         Total |   1949 |   1850 |     99 |    200 |   1166 |   5 |  389.8 |
       Dungeon |   1696 |   1610 |     86 |    100 |   1038 |   4 |  424.0 |
        Temple |    252 |    239 |     13 |    100 |    128 |   1 |  252.0 |
               +--------+--------+--------+--------+--------+-----+--------+

Top non-repeatable levels by time:
     D:1: 883 daAuts
     D:4: 351 daAuts
     D:3: 343 daAuts
  Temple: 252 daAuts
     D:2: 117 daAuts
